 Dungeon Crawl Stone Soup version 0.24-a0-381-g637bb3806f (webtiles) character file.

Game seed: 17301941915588502194

48 Amnesiac the Changer (level 3, 0/23 HPs)
             Began as an Octopode Transmuter on June 3, 2019.
             Slain by an orc
             ... wielding a +0 mace
              (4 damage)
             ... on level 3 of the Dungeon.
             The game lasted 00:03:43 (1053 turns).

Amnesiac the Changer (Octopode Transmuter)          Turns: 1053, Time: 00:03:43

Health: 0/23       AC:  1    Str:  9    XL:     3   Next: 72%
Magic:  1/6        EV: 13    Int: 15    God:
Gold:   24         SH:  0    Dex: 13    Spells: 0/6 levels left

rFire    . . .     SeeInvis .     - Unarmed
rCold    . . .     Gourm    .   (no shield)
rNeg     . . .     Faith    .   (helmet restricted)
rPois    .         Spirit   .   (no amulet)
rElec    .         Reflect  .   (no ring)
rCorr    .         Harm     .   (no ring)
MR       .....                  (no ring)
Stlth    +++.......             (no ring)
HPRegen  0.07/turn              (no ring)
MPRegen  0.10/turn              (no ring)
                                (no ring)
                                (no ring)

@: no status effects
A: almost no armour, stealthy swim, amphibious, 8 rings, constrict 8, camouflage
1, gelatinous body 1
a: no special abilities


You were on level 3 of the Dungeon.
You were not hungry.

You visited 1 branch of the dungeon, and saw 3 of its levels.

You collected 24 gold pieces.

Inventory:

Missiles
 a - 3 arrows
Scrolls
 b - a scroll of immolation {!r, unknown}
 f - a scroll of teleportation {!r, unknown}
 h - a scroll of amnesia {!r, unknown}
Potions
 e - 2 potions of degeneration {!q, unknown}
 g - a potion of curing {!q, unknown}
Comestibles
 c - 3 rations


   Skills:
 - Level 1.0 Fighting
 - Level 2.0 Dodging
 + Level 1.1 Stealth
 * Level 3.4 Unarmed Combat
 - Level 2.0 Spellcasting
 * Level 3.4 Transmutations


You couldn't memorise any spells.
You knew the following spells:

 Your Spells              Type           Power        Failure   Level  Hunger
a - Beastly Appendage     Tmut           ##....       5%          1    #......
b - Sticks to Snakes      Tmut           ##......     9%          2    ###....
c - Spider Form           Tmut/Pois      #.........   32%         3    ###....

Your spell library contained the following spells:

 Spells                   Type           Power        Failure   Level  Hunger
 Ice Form                 Ice/Tmut       #.......     73%         4    #####..
 Blade Hands              Tmut           ##........   83%         5    ######.


Dungeon Overview and Level Annotations

Branches:
Dungeon (3/15)

Altars:


Innate Abilities, Weirdness & Mutations

You cannot wear most types of armour.
You are very stealthy in the water. (Stealth+)
You are amphibious.
You can wear up to eight rings at the same time.
You can use your tentacles to constrict eight enemies at once.
Your skin changes colour to match your surroundings (Stealth+).
Your rubbery body absorbs attacks. (AC +1, EV +1)


Message History

* * * LOW HITPOINT WARNING * * *
Things that are here:
a +0 whip; a kobold corpse Your ball python grabs the orc.
Your ball python constricts the orc.
The orc struggles to escape constriction.
Casting: Sticks to Snakes (safe; 9% risk of failure)
Confirm with . or Enter, or press ? or * to list all spells.
You create a snake!
You now have 5 arrows.
You swap places.
The orc completely misses your ball python.
The orc barely misses something.
Your ball python grabs the orc.
Your ball python constricts the orc.
Your ball python constricts the orc. x2
The orc hits your ball python but does no damage.
Your ball python constricts the orc.
The orc barely misses your ball python.
Your ball python constricts the orc.
Your ball python constricts the orc.
The orc barely misses your ball python.
Your ball python constricts the orc.
The orc hits your ball python with a +0 club.
Your ball python dies!
Casting: Sticks to Snakes (safe; 9% risk of failure)
Confirm with . or Enter, or press ? or * to list all spells.
You create a snake!
You now have 4 arrows.
You swap places.
Something barely misses your ball python.
The orc hits your ball python with a +0 club.
Your ball python dies!
Casting: Sticks to Snakes (safe; 9% risk of failure)
Confirm with . or Enter, or press ? or * to list all spells.
You create a snake!
You now have 3 arrows.
You tentacle-slap the orc but do no damage.
You grab the orc.
The orc is heavily wounded.
You constrict the orc.
The orc struggles to escape constriction.
The orc hits your adder but does no damage.
You tentacle-slap the orc but do no damage.
The orc is severely wounded.
You constrict the orc, but do no damage.
The orc is poisoned.
Your adder poisons the orc!
The orc struggles to escape constriction.
The orc closely misses your adder.
You tentacle-slap the orc.
You kill the orc!
You swap places.
The orc barely misses you.
Things that are here:
a +0 club; a +0 ring mail; an orc corpse You swap places.
The orc completely misses your adder. The orc hits your adder with a +0 club.
You swap places.
The orc closely misses you.
Things that are here:
a +0 club; a +0 ring mail; an orc corpse You swap places.
The orc hits your adder but does no damage.
The orc barely misses your adder. The orc barely misses your adder.
The orc dies!
All of the chunks of flesh in your inventory have rotted away.
You swap places.
The orc hits you with a +0 mace!
* * * LOW HITPOINT WARNING * * *
You barely miss the orc. You grab the orc. You constrict the orc.
The orc hits you with a +0 mace.
You die...

..########## ###
.........S@# ##o##
#.##.#####o####.#.##
#o....###o########
###....#)o........
#..............#
#.....#######...
#.#.#.# . #.....#
#.#.#.#


You could see 2 orcs and a friendly adder.

Vanquished Creatures
  2 adders
  A worm (D:2)
  A dart slug (D:1)
  An orc (D:3)
  A giant cockroach (D:2)
  A goblin (D:1)
  3 jackals (D:1)
  A kobold (D:2)
  A bat (D:1)
  2 frilled lizards (D:1)
14 creatures vanquished.

Vanquished Creatures (collateral kills)
  2 adders
  An orc (D:3)
  A bat (D:2)
  A kobold (D:3)
5 creatures vanquished.

Grand Total: 19 creatures vanquished

Notes
Turn   | Place    | Note
-------+----------+-------------------------------------------
     0 | D:1      | Amnesiac the Octopode Transmuter began the quest for the
                  | Orb.
     0 | D:1      | Reached XP level 1. HP: 13/13 MP: 3/3
   419 | D:1      | Reached XP level 2. HP: 6/18 MP: 5/5
   597 | D:1      | Learned a level 2 spell: Sticks to Snakes
   818 | D:2      | Reached XP level 3. HP: 17/23 MP: 3/6
   823 | D:2      | Learned a level 3 spell: Spider Form
   865 | D:3      | Reached skill level 1 in Stealth
  1053 | D:3      | Slain by an orc

Levels and vault maps discovered:
D:1:      sevenhm_arrival_forest_fort_large_4, layout_basic, minivault_5
D:2:      layout_loops_ring, grunt_ministairs_4, uniq_sigmund,
          uniq_crazy_yiuf_cottage
D:3:      layout_loops_ring

Skill      XL: |  1  2  3 |
---------------+----------+-----
Transmutations | 3 |  3.4
Stealth        | 1 |  1.1
Fighting       | |  1.0
Dodging        | |  2.0
Unarmed Combat | |  3.4
Spellcasting   | |  2.0

Action                   || total
-------------------------++-------
Melee: Unarmed           ||    46
       Constrict         ||    12
       Tentacles         ||     5
       Punch             ||     2
 Cast: Sticks to Snakes  ||     9
 Stab: Sleeping          ||     2
       Distracted        ||     2
  Eat: Chunk             ||     1
Armor: Skin              ||     1
Dodge: Dodged            ||    27

Table legend:
 A = Non-vault XP
 B = Vault XP
 C = Vault XP percentage of total XP
 D = Non-vault monster count
 E = Vault monster count
 F = Vault count percentage of total count
                 A         B        C        D         E       F
            +---------+---------+-------+---------+---------+-------
      Total |      69 |       0 |   0.0 |      19 |       0 |   0.0
            +---------+---------+-------+---------+---------+-------
        D:1 |      15 |       0 |   0.0 |       8 |       0 |   0.0
        D:2 |      30 |       0 |   0.0 |       6 |       0 |   0.0
        D:3 |      24 |       0 |   0.0 |       5 |       0 |   0.0
            +---------+---------+-------+---------+---------+-------
